 Dungeon Crawl Stone Soup version 0.29.1-13-g9f3cf754e1 (webtiles) character file.

Game seed: 2915603142226976574

213 KittyFluff the Cudgeller (level 5, 0/33 HPs)
             Began as a Gargoyle Berserker on Jan 20, 2023.
             Was a Believer of Trog.
             Constricted to death by a ball python (1 damage)
             ... on level 4 of the Dungeon.
             The game lasted 00:11:35 (2931 turns).

KittyFluff the Cudgeller (Gargoyle Berserker)       Turns: 2931, Time: 00:11:35

Health: 0/33       AC:  7    Str: 21    XL:     5   Next: 90%
Magic:  5/5        EV:  7    Int: 11    God:    Trog [**....]
Gold:   188        SH:  7    Dex: 11    Spells: 4/4 levels left

rFire   + . .      SeeInvis .   p - +0 flail
rCold   . . .      Faith    .   f - +0 kite shield
rNeg    + . .      Spirit   .   q - +0 leather armour of Recklessness {Int+4}
rPois   ∞          Reflect  .   (no helmet)
rElec   +          Harm     .   (no cloak)
rCorr   .          Rampage  .   (no gloves)
Will    .....                   (no boots)
Stlth   +.........              (no amulet)
HPRegen 0.11/turn               u - ring of protection from fire
MPRegen 0.09/turn               (no ring)

@: constricted
A: sickness immunity, AC +4, negative energy resistance 1, electricity
resistance, torment resistance 1, petrification resistance
a: Renounce Religion, Berserk, Trog's Hand


You were on level 4 of the Dungeon.
You worshipped Trog.
Trog was pleased with you.
You visited 1 branch of the dungeon, and saw 4 of its levels.

You collected 188 gold pieces.

Inventory:

Hand Weapons
 a - a +0 mace
 e - a +0 sling
 p - a +0 flail (weapon)
Missiles
 h - 27 stones (quivered)
 i - 4 poisoned darts
Armour
 f - a +0 kite shield (worn)
 m - a +0 ring mail
 q - the +0 leather armour of Recklessness (worn) {Int+4}
   (You found it on level 2 of the Dungeon)

   Int:       It affects your intelligence (+4).
 y - a +1 robe of positive energy
Jewellery
 u - a ring of protection from fire (left hand)
Wands
 o - a wand of mindburst (13)
 v - a wand of polymorph (11)
Scrolls
 l - a scroll of amnesia {unknown}
 r - a scroll of teleportation {unknown}
 s - a scroll of identify {unknown}
 t - a scroll of fear {unknown}
 w - a scroll of magic mapping {unknown}
Potions
 c - a potion of brilliance {unknown}
 d - 3 potions of invisibility {unknown}
 g - 2 potions of might {unknown}
 j - a potion of attraction {unknown}
 k - a potion of berserk rage {unknown}
 n - a potion of lignification {unknown}
 x - a potion of curing {unknown}


   Skills:
 + Level 4.2 Fighting
 + Level 4.6 Maces & Flails
 * Level 3.4 Armour
 + Level 2.1 Dodging
 + Level 1.0 Stealth
 + Level 1.1 Shields


You had 4 spell levels left.
You didn't know any spells.
Your spell library was empty.

Dungeon Overview and Level Annotations

Branches:
Dungeon (4/15)
 Temple: D:4-7

Altars:
Nemelex Xobeh

Shops:
D:3 =[((


Innate Abilities, Weirdness & Mutations

You are immune to sickness and miasma.
Your stone body is resilient. (AC +4)
You are immune to poison.
You resist negative energy. (rN+)
You are resistant to electric shocks. (rElec)
You are resistant to unholy torment.
You are immune to petrification.


Message History

Trog accepts your kill. The hound bites you.
Found a scroll labelled XUNACI EZOMNU.
The hound closely misses you.
A ball python comes into view.
You block the hound's attack.
You miss the hound.
The ball python hisses angrily.
You block the hound's attack. The hound bites you but does no damage.
You sock the hound!
The hound is heavily wounded.
You block the hound's attack. x2
You hit the hound.
The hound is severely wounded.
The hound bites you but does no damage. The hound bites you.
You hit the hound but do no damage.
The hound is severely wounded.
The hound closely misses you. You block the hound's attack.
The ball python closely misses you. The ball python grabs you.
The ball python constricts you.
You hit the hound.
The hound is severely wounded.
The hound bites you but does no damage. You block the hound's attack.
The ball python bites you. The ball python constricts you.
You barely miss the hound.
The hound is severely wounded.
The hound bites you.
* * * LOW HITPOINT WARNING * * *
The ball python bites you but does no damage.
The ball python constricts you.
* * * LOW HITPOINT WARNING * * *
The hound bites you.
* * * LOW HITPOINT WARNING * * *
You block the ball python's attack. The ball python constricts you.
The hound bites you.
* * * LOW HITPOINT WARNING * * *
You sock the hound!
You kill the hound!
Trog accepts your kill. The ball python barely misses you.
The ball python constricts you.
You die...

#.........
#......... #
##......... ##.
..........
##..##.........
...............
#.†........?
#<@S......
#†........
##......<.
##.......
####... .# #


You could see a ball python.

Vanquished Creatures
  An orc priest (D:3)
  A hound (D:4)
  Jessica (D:3)
  An orc wizard (D:3)
  3 gnolls (D:2)
  3 adders (D:2)
  An ufetubus (D:4)
  A worm (D:2)
  5 orcs (D:3)
  4 endoplasms
  4 giant cockroaches
  4 goblins
  5 hobgoblins
  11 jackals
  5 kobolds
  A quokka (D:3)
  4 ball pythons
  3 bats
  A frilled lizard (D:2)
  2 rats (D:2)
61 creatures vanquished.

Notes
Turn   | Place    | Note
-------+----------+-------------------------------------------
     0 | D:1      | KittyFluff the Gargoyle Berserker began the quest for the
                  | Orb.
     0 | D:1      | Reached XP level 1. HP: 14/14 MP: 1/1
   264 | D:1      | Reached XP level 2. HP: 19/19 MP: 2/2
   762 | D:2      | Found a faded altar of an unknown god.
   798 | D:2      | Reached XP level 3. HP: 14/24 MP: 3/3
   923 | D:2      | Found a sparkling altar of Nemelex Xobeh.
  1137 | D:2      | Reached XP level 4. HP: 7/29 MP: 4/4
  1413 | D:2      | Identified the +0 leather armour of Recklessness {Int+4}
  2010 | D:3      | Found Wunlad's Weapon Shoppe.
  2028 | D:3      | Noticed Jessica
  2033 | D:3      | Killed Jessica
  2034 | D:3      | Reached XP level 5. HP: 19/33 MP: 5/5
  2434 | D:3      | Found Bof Riss's Jewellery Shoppe.
  2533 | D:3      | Found Viwommol's Armour Shop.
  2537 | D:3      | Reached ** piety under Trog
  2701 | D:3      | Reached skill level 1 in Stealth
  2701 | D:3      | Reached skill level 1 in Shields
  2738 | D:3      | Found Dapik's Weapon Boutique.
  2930 | D:4      | HP: 1/33 [hound (4)]
  2931 | D:4      | Constricted to death by a ball python

Illustrated notes

Levels and vault maps discovered:
D:1:      tarquinn_simple_flora_water_b, layout_loops_cross
D:2:      layout_loops_corners, nicolae_ecumenical_oubliette, basic_altar
D:3:      layout_basic, serial_shops, shop, nicolae_shop_hallway_stairs,
          nicolae_square_shop, nicolae_shop_statue_plus, uniq_jessica
D:4:      layout_rooms

Skill      XL: |  1  2  3  4  5 |
---------------+----------------+-----
Armour         | 3 |  3.4
Fighting       | 4 |  4.2
Maces & Flails | 4 |  4.6
Dodging        | 2 |  2.1
Stealth        | 1 |  1.0
Shields        | 1 |  1.1

Action                   |  1- 3 |  4- 6 || total
-------------------------+-------+-------++-------
Melee: Mace              |    56 |    44 ||   100
       Flail             |       |   105 ||   105
Invok: Berserk           |     1 |       ||     1
 Stab: Sleeping          |     2 |       ||     2
Armor: Animal skin       |    20 |     1 ||    21
       Leather armour    |       |    87 ||    87
Dodge: Dodged            |    18 |    96 ||   114
Block: Kite shield       |    19 |    60 ||    79
